 Dungeon Crawl Stone Soup version 0.29.1-15-g9cfb28693d (webtiles) character file.

Game seed: 17330179520263360502

77 hawla the Firebug (level 4, -5/33 HPs)
             Began as a Meteoran Fire Elementalist on Mar 2, 2023.
             Killed from afar by an orc wizard (10 damage)
             ... with a puff of flame
             ... on level 3 of the Dungeon.
             The game lasted 00:02:36 (210 turns).

hawla the Firebug (Meteoran Fire Elementalist)       Turns: 210, Time: 00:02:37

Health: -5/33      AC:  2    Str:  9    XL:     4   Next: 89%
Magic:  4/10       EV: 13    Int: 18    God:
Gold:   49         SH:  0    Dex: 15    Spells: 7/10 levels left

rFire   . . .      SeeInvis .   (no weapon)
rCold   . . .      Faith    .   (no shield)
rNeg    . . .      Spirit   .   a - +0 robe
rPois   .          Reflect  .   (no helmet)
rElec   .          Harm     .   (no cloak)
rCorr   .          Rampage  .   (no gloves)
Will    .....                   (no boots)
Stlth   +.........              (no amulet)
HPRegen 0.11/turn               (no ring)
MPRegen 0.12/turn               (no ring)

@: confused, glowing
A: sense surroundings 1, otherworldly, glowing, explore regen
a: no special abilities


You were on level 3 of the Dungeon.
You visited 1 branch of the dungeon, and saw 3 of its levels.

You collected 49 gold pieces.

Inventory:

Armour
 a - a +0 robe (worn)


   Skills:
 + Level 3.1 Dodging
 - Level 1.4 Stealth
 + Level 3.6 Spellcasting
 + Level 1.6 Conjurations
 + Level 5.0 Fire Magic


You had 7 spell levels left.
You knew the following spells:

 Your Spells              Type           Power      Damage    Failure   Level
a - Foxfire               Conj/Fire      60%        2x1d7     3%          1
b - Scorch                Fire           42%        2d7       3%          2

Your spell library contained the following spells:

 Spells                   Type           Power      Damage    Failure   Level
 Conjure Flame            Conj/Fire      15%        6-21      12%         3
 Inner Flame              Hex/Fire       12%        N/A       17%         3
 Flame Wave               Conj/Fire      15%        2d7       36%         4


Dungeon Overview and Level Annotations

Branches:
Dungeon (3/15) Zot: 1589

Altars:
Hepliaklqana


Innate Abilities, Weirdness & Mutations

You passively map a small area around you.
You are easily found by Zot.
You glow in the dark.
You regain HP and MP as you explore.


Message History

You closely miss the orc wizard.
The orc wizard is severely wounded.
The orc wizard hits you with a +0 dagger.
* * * LOW HITPOINT WARNING * * *
You bump into the rock wall.
The orc wizard hits you with a +0 dagger.
* * * LOW HITPOINT WARNING * * *
You bump into the rock wall.
The orc wizard gestures wildly while chanting.
The orc wizard flickers and vanishes!
Deactivating autopickup; reactivate with Ctrl-A.
Something hits you.
* * * LOW HITPOINT WARNING * * *
You hear some strange, mumbled words.
You are more confused.
You are too confused!
You are too confused!
You are too confused!
A jackal comes into view.
Something hits you but does no damage.
The jackal barks!
You hear a bark!
The jackal bites the fungus.
The fungus begins to die.
Something hits you.
* * * LOW HITPOINT WARNING * * *
You aren't carrying any potions.
You hear some strange, mumbled words.
Something tries to affect you, but you resist.
You bump into the rock wall.
You hear some strange, mumbled words.
Something tries to affect you, but you resist.
Something hits you but does no damage.
You hear some strange, mumbled words.
You are more confused.
A jackal comes into view.
The jackal barks!
You're too confused to move!
A nearby fungus withers and dies.
A jackal comes into view.
You hear some strange, mumbled words.
A puff of flame appears from out of thin air!
The puff of flame hits you!
You die...

# , #. ...P.PPP.P..> #. ##*
#.### ...P.....P..#* ,
*#..#. #... #.P.._..P..# ,
...... #..#####.Ph....P..#.
#.....###.........hPPP.P....
#.....).##..##...........##.
#######)...{...#.PPPPPPP.##.
#.###................. #.#
#@#.###††####..... #.#
#.#^...........##. #.#
#.#####..####.....
#.###........#####....
#.....................
#####################< ##


You could see 2 jackals.

Vanquished Creatures
  An orc priest (D:3)
  3 adders
  A worm (D:2)
  3 orcs (D:3)
  A ball python (D:2)
  2 bats (D:2)
  An endoplasm (D:2)
  A giant cockroach (D:2)
  2 goblins
  A hobgoblin (D:3)
  A rat (D:3)
17 creatures vanquished.

Vanquished Creatures (collateral kills)
  2 foxfires (D:3)
2 creatures vanquished.

Vanquished Creatures (others)
  47 foxfires
  6 fungi (D:3)
53 creatures vanquished.

Grand Total: 72 creatures vanquished

Notes
Turn   | Place    | Note
-------+----------+-------------------------------------------
     0 | D:1      | hawla the Meteoran Fire Elementalist began the quest for
                  | the Orb.
     0 | D:1      | Reached XP level 1. HP: 14/14 MP: 5/5
    38 | D:2      | Reached skill level 4 in Fire Magic
    38 | D:2      | Reached XP level 2. HP: 20/20 MP: 4/7
    91 | D:2      | Reached XP level 3. HP: 26/26 MP: 5/8
   131 | D:3      | Found a hazy altar of Hepliaklqana.
   145 | D:3      | Reached XP level 4. HP: 19/33 MP: 5/10
   150 | D:3      | Learned a level 2 spell: Scorch
   187 | D:3      | Reached skill level 5 in Fire Magic
   210 | D:3      | Killed from afar by an orc wizard

Illustrated notes

Levels and vault maps discovered:
D:1:      wander_arrival_chamber, layout_basic, shapermc_ecumenical_altar_venn
D:2:      layout_rooms
D:3:      layout_basic, mainiacjoe_overflow_six_doors_small,
          mainiacjoe_overflow_cross_hatched, uniq_grinder

Skill      XL: |  1  2  3  4 |
---------------+-------------+-----
Spellcasting   | 3 |  3.6
Fire Magic     | 4 5 |  5.0
Dodging        | 3 |  3.1
Stealth        | |  1.4
Conjurations   | |  1.6

Action                   |  1- 3 |  4- 6 || total
-------------------------+-------+-------++-------
Melee: Unarmed           |     6 |     7 ||    13
 Cast: Foxfire           |    22 |     9 ||    31
       Scorch            |       |     6 ||     6
  Use: Scroll            |     2 |       ||     2
       Potion            |       |     2 ||     2
Armor: Robe              |     3 |     3 ||     6
Dodge: Dodged            |     7 |     5 ||    12
